 Dungeon Crawl Stone Soup version 0.20.0-15-g7f486f2 (webtiles) character file.

67 dvd the Cudgeler (level 3, -5/36 HPs)
             Began as a Troll Monk on June 16, 2017.
             Slain by Crazy Yiuf
             ... wielding a +3 quarterstaff of chaos
              (8 damage)
             ... while paralysed by Crazy Yiuf
             ... on level 2 of the Dungeon.
             The game lasted 00:02:27 (1542 turns).

dvd the Cudgeler (Troll Monk)                       Turns: 1542, Time: 00:02:28

Health: -5/36      AC:  5    Str: 19    XL:     3   Next: 98%
Magic:  2/2        EV:  1    Int:  6    God:
Gold:   93         SH:  0    Dex: 13    Spells: 2/2 levels left

rFire    . . .     SeeInvis .   a - +0 mace
rCold    . . .     Gourm    +   (no shield)
rNeg     . . .     Faith    .   b - +0 robe
rPois    .         Spirit   .   (helmet restricted)
rElec    .         Reflect  .   (no cloak)
rCorr    .         Harm     .   (gloves unavailable)
MR       .....                  (boots unavailable)
Stlth    ++........             (no amulet)
Regen    0.6/turn               (no ring)
MPRegen  0.1/turn               (no ring)

@: paralysed, very slightly contaminated, invisible
A: unfitting armour, claws 3, fast metabolism 3, gourmand, regeneration 1,
shaggy fur 1, tough skin 2
a: no special abilities


You were on level 2 of the Dungeon.
You were completely stuffed.

You visited 1 branch of the dungeon, and saw 2 of its levels.

You collected 93 gold pieces.

Inventory:

Hand Weapons
 a - a +0 mace (weapon)
Missiles
 h - 50 stones (quivered)
Armour
 b - a +0 robe (worn)
Scrolls
 e - a scroll of identify {unknown}
 f - 2 scrolls of teleportation {unknown}
 j - a scroll of recharging {unknown}
 p - a scroll of immolation {unknown}
Potions
 d - a potion of agility {unknown}
 g - 2 potions of lignification {unknown}
 i - a potion of heal wounds {unknown}
 k - a potion of curing {unknown}
 n - a potion of degeneration {unknown}
 o - 2 potions of mutation {unknown}
Comestibles
 c - 3 bread rations
 l - 3 chunks of flesh
 m - a meat ration
 q - a royal jelly


   Skills:
 + Level 2.7 Fighting
 + Level 3.5 Maces & Flails
 + Level 2.8 Dodging
 + Level 1.3 Stealth


You had 2 spell levels left.
You didn't know any spells.

Dungeon Overview and Level Annotations

Branches:
Dungeon (2/15)

Altars:

Annotations:
D:2 Crazy Yiuf


Innate Abilities, Weirdness & Mutations

You are too large for most types of armour.
You have claws for hands.
Your metabolism is lightning-fast.
You like to eat raw meat.
Your natural rate of healing is unusually fast.
You are covered in fur. (AC +1)
You have very tough skin. (AC +2)


Message History

Crazy Yiuf the Enlightened comes into view.
He is wielding a quarterstaff of chaos.
Found a mace.
There is an open door here.
Crazy Yiuf shouts!
Crazy Yiuf laughs, "Peeping!"
You barely miss Crazy Yiuf. Crazy Yiuf misses you.
You closely miss Crazy Yiuf.
Crazy Yiuf waves his quarterstaff at you.
Crazy Yiuf hits you with a quarterstaff of chaos!
Crazy Yiuf freezes you.
You closely miss Crazy Yiuf.
Crazy Yiuf hits you with a quarterstaff of chaos!
You fade into invisibility!
You are very lightly contaminated with residual magic.
You closely miss Crazy Yiuf.
Crazy Yiuf hits you with a quarterstaff of chaos!
* * * LOW HITPOINT WARNING * * *
You suddenly lose the ability to move!
Crazy Yiuf hits you with a quarterstaff of chaos!
You die...

.......##..# ♣....♣ #...###.....
.......##..# ♣...♣♣ #...# #.....
........'..# ♣♣.♣♣ #...# #.....
.......##..# ♣.♣♣ #...# #..(..
...######..# ♣♣.♣ #.).# #.....
...# #..# ♣.♣♣ #'#.####'### ...#
####..# ♣♣.♣ #.#......# ...#
#.....# ##'## #.######## ...#
#.....# #.@.# #.# ###### ...#
#.....# #.g.# #.# #..... ####
#.....# #..)# #.# #..... #
#.....# ##### #.# #..... #
#.....# #.# #.....
######...########## ### ##.....
...<.'...'........# #......
######...########.#########......
#...# #................


You could see Crazy Yiuf.

Vanquished Creatures
  Robin (D:2)
  An adder (D:2)
  A dart slug (D:1)
  5 bats
  3 giant cockroaches
  7 goblins
  5 hobgoblins
  7 jackals
  3 kobolds
  2 frilled lizards
  4 rats
39 creatures vanquished.

Vanquished Creatures (others)
  A goblin (D:2)
1 creature vanquished.

Grand Total: 40 creatures vanquished

Notes
Turn   | Place    | Note
-------+----------+-------------------------------------------
     0 | D:1      | dvd the Troll Monk began the quest for the Orb.
     0 | D:1      | Reached XP level 1. HP: 22/22 MP: 0/0
   179 | D:1      | Reached XP level 2. HP: 29/29 MP: 1/1
   197 | D:1      | Reached skill level 3 in Maces & Flails
   785 | D:2      | Reached XP level 3. HP: 36/36 MP: 2/2
  1101 | D:2      | Noticed Robin
  1119 | D:2      | Killed Robin
  1531 | D:2      | Found a runed door.
  1535 | D:2      | Noticed Crazy Yiuf
  1541 | D:2      | Paralysed by Crazy Yiuf for 3 turns
  1542 | D:2      | Slain by Crazy Yiuf

Skill      XL: |  1  2 |
---------------+-------+-----
Maces & Flails | 3 |  3.5
Fighting       | |  2.7
Dodging        | |  2.8
Stealth        | |  1.3

Action                   || total
-------------------------++-------
Melee: Mace              ||   123
 Stab: Sleeping          ||     4
  Eat: Chunk             ||    20
Armor: Robe              ||    67
Dodge: Dodged            ||    99
